 Dungeon Crawl Stone Soup version 0.29-a0-362-g5854e031c7 (webtiles) character file.

Game seed: 18235301008195278232

334 dolemite99 the Cleaver (level 6, 0/76 HPs)
             Began as a Hill Orc Fighter on Apr 30, 2022.
             Was a Priest of Dithmenos.
             Succumbed to a gnoll's poison
             ... on level 4 of the Dungeon.
             The game lasted 00:04:58 (2789 turns).

dolemite99 the Cleaver (Hill Orc Fighter)           Turns: 2789, Time: 00:04:59

Health: 0/76       AC: 30    Str: 21    XL:     6   Next: 53%
Magic:  6/6        EV:  2    Int:  8    God:    Dithmenos [***...]
Gold:   58         SH:  4    Dex: 10    Spells: 5/5 levels left

rFire   . . .      SeeInvis .   a - +0 war axe (protect)
rCold   . . .      Faith    .   c - +0 buckler
rNeg    . . .      Spirit   .   (body armour currently unavailable)
rPois   +          Reflect  .   (helmet currently unavailable)
rElec   .          Harm     .   (cloak currently unavailable)
rCorr   +          Rampage  .   (gloves currently unavailable)
Will    +....      NoTele   +   (boots currently unavailable)
Stlth   +.........              (no amulet)
HPRegen 0.22/turn               x - ring of resist corrosion
MPRegen 0.10/turn               h - ring of willpower

@: mighty, lethally poisoned (0 -> -10), tree-form, under a protective aura,
attractive, hasted, wreathed by umbra, invisible, very quick
A: stationary, stasis, torment immunity, boosted hp
a: Renounce Religion, Shadow Step


You were on level 4 of the Dungeon.
You worshipped Dithmenos.
Dithmenos was most pleased with you.
You were a tree.
You visited 1 branch of the dungeon, and saw 4 of its levels.

You collected 166 gold pieces.
You spent 108 gold pieces at shops.

Inventory:

Hand Weapons
 a - a +0 war axe of protection (weapon)
Missiles
 y - 8 boomerangs (quivered)
Armour
 b - a +0 scale mail
 c - a +0 buckler (worn)
 j - a +1 helmet (melded)
 m - a +0 cloak (melded)
 o - the +1 chain mail "Gihaal" (melded) {Int+3}
   (You found it on level 3 of the Dungeon)

   Int:       It affects your intelligence (+3).
 v - a +0 pair of boots (melded)
Jewellery
 e - a ring of magical power
 h - a ring of willpower (right branch)
 n - a ring of fire
 r - a +6 ring of intelligence
 s - a ring of willpower
 x - a ring of resist corrosion (left branch)
Wands
 B - a wand of charming (4)
Scrolls
 k - a scroll of vulnerability
 l - 2 scrolls of amnesia
Potions
 d - 2 potions of might
 f - 2 potions of heal wounds {unknown}
 g - a potion of haste
 i - a potion of lignification
 z - a potion of resistance {unknown}


   Skills:
 - Level 3.6 Fighting
 + Level 8.9 Axes
 - Level 3.2 Armour
 - Level 3.2 Shields


You had 5 spell levels left.
You didn't know any spells.
Your spell library was empty.

Dungeon Overview and Level Annotations

Branches:
Dungeon (4/15)
 Temple: D:4-7

Altars:
Dithmenos

Shops:
D:3 *


Message History

Your weapon exudes an aura of protection.
The orc wizard is heavily wounded.
You block the orc wizard's attack.
You closely miss the orc wizard.
The orc wizard is heavily wounded.
The orc wizard hits you with a +0 dagger.
* * * LOW HITPOINT WARNING * * *
You barely miss the orc wizard.
The orc wizard is heavily wounded.
The orc wizard hits you but does no damage.
You slash the orc wizard!
Your weapon exudes an aura of protection.
You kill the orc wizard!
Dithmenos accepts your kill. The gnoll hits you but does no damage.
You feel yourself speed up. The gnoll hits you but does no damage.
You are poisoned.
You barely miss the gnoll.
* * * LOW HITPOINT WARNING * * *
You feel sick.
You barely miss the gnoll.
You feel sick. You block the gnoll's attack.
You slash the gnoll!
The gnoll is severely wounded.
You feel sick. The gnoll hits you but does no damage.
You are lethally poisoned!
It was a potion of invisibility.
You fade into invisibility!
* * * LOW HITPOINT WARNING * * *
You feel very sick.
It was a potion of magic.
Magic courses through your body.
* * * LOW HITPOINT WARNING * * *
You feel sick. The gnoll hits you but does no damage.
The orc throws a boomerang.
The boomerang hits the gnoll.
The gnoll dies!
It was a potion of flight.
Your roots keep you in place.
* * * LOW HITPOINT WARNING * * *
You feel sick.
It was a potion of attraction.
You feel attractive to monsters.
You die...

#.# #.# #.# #.#
#.########
#........# #### ##
#.######.# #..
.####.#### #.# #o#
.....)...# #.# #♣#
####...#.###.###.#
#..............#
##...########..#
##.## .#.# #)#
.##.# #.# .# ...
##'## ## .#..
##...## . ###


You could see an orc (can't see you).

Vanquished Creatures
  An ogre (D:3)
  A scorpion (D:4)
  2 orc priests (D:4)
  An orc wizard (D:4)
  Robin (D:2)
  An adder (D:4)
  8 orcs
  9 ball pythons
  6 bats
  4 endoplasms
  A giant cockroach (D:3)
  14 goblins
  7 hobgoblins
  2 quokkas
  3 frilled lizards
  3 kobolds
  7 rats
71 creatures vanquished.

Vanquished Creatures (others)
  A gnoll (D:4)
  4 toadstools (D:1)
5 creatures vanquished.

Grand Total: 76 creatures vanquished

Notes
Turn   | Place    | Note
-------+----------+-------------------------------------------
     0 | D:1      | dolemite99 the Hill Orc Fighter began the quest for the
                  | Orb.
     0 | D:1      | Reached XP level 1. HP: 19/19 MP: 1/1
   151 | D:1      | Reached skill level 3 in Axes
   243 | D:1      | Found a faded altar of an unknown god.
   258 | D:1      | Prayed at the altar of an unknown god.
   258 | D:1      | Became a worshipper of Dithmenos the Shadowed
   258 | D:1      | Reached * piety under Dithmenos
   292 | D:1      | Reached XP level 2. HP: 26/26 MP: 2/2
   362 | D:1      | Reached skill level 4 in Axes
   710 | D:2      | Identified the +1 pair of gloves of Prudence {*Slow rF+
                  | SInv}
   960 | D:2      | Reached XP level 3. HP: 31/31 MP: 3/3
  1000 | D:2      | Noticed Robin
  1015 | D:2      | Killed Robin
  1015 | D:2      | Reached ** piety under Dithmenos
  1016 | D:2      | Reached skill level 5 in Axes
  1707 | D:3      | Noticed an ogre
  1712 | D:3      | Reached XP level 4. HP: 38/39 MP: 4/4
  1712 | D:3      | Killed an ogre
  1713 | D:3      | Reached skill level 7 in Axes
  1713 | D:3      | Reached XP level 5. HP: 44/45 MP: 5/5
  1779 | D:3      | Found Bameig's Assorted Antiques.
  1788 | D:3      | Bought a scroll labelled YPTAORY YTTUESK for 18 gold pieces
  1788 | D:3      | Bought a scroll labelled DIQUHOO ZOMABU for 18 gold pieces
  1788 | D:3      | Bought a sharpened iron wand for 72 gold pieces
  2090 | D:3      | Identified the +1 chain mail "Gihaal" {Int+3}
  2644 | D:4      | Reached skill level 8 in Axes
  2644 | D:4      | Reached XP level 6. HP: 45/51 MP: 6/6
  2773 | D:4      | Reached *** piety under Dithmenos
  2787 | D:4      | HP: 3/76 [poisoned by a gnoll]
  2789 | D:4      | Succumbed to a gnoll's poison

Illustrated notes

Levels and vault maps discovered:
D:1:      ldierk_walled_garden_2, layout_basic,
          hellmonk_ecumenical_altar_pennies_from_heaven, minmay_tall_x
D:2:      layout_basic, dk_vineyard_3, uniq_robin
D:3:      layout_loops_cross, serial_shops, shop
D:4:      layout_loops_corners, mainiacjoe_overflow_cross_hatched,
          minmay_temple_entry_junction

Skill      XL: |  1  2  3  4  5 |
---------------+----------------+-----
Axes           | 3 4 5 7 8 |  8.9
Fighting       | |  3.6
Armour         | |  3.2
Shields        | |  3.2

Action                   |  1- 3 |  4- 6 || total
-------------------------+-------+-------++-------
Melee: War axe           |    98 |    71 ||   169
Throw: Boomerang         |       |    24 ||    24
  Use: Scroll            |     5 |     5 ||    10
       Potion            |     1 |     7 ||     8
Armor: Scale mail        |    60 |     5 ||    65
       Chain mail        |       |    28 ||    28
       Skin              |       |     6 ||     6
Dodge: Dodged            |    79 |    18 ||    97
Block: Buckler           |    28 |    14 ||    42

Table legend: (Time is in decaauts)
 A = Elapsed time spent in this place.
 B = Non-inter-level travel time spent in this place.
 C = Inter-level travel time spent in this place.
 D = Time resting spent in this place.
 E = Time spent auto-exploring this place.
 F = Levels seen in this place.
 G = Mean time per level.
                   A        B        C        D        E       F      G
               +--------+--------+--------+--------+--------+-----+--------+
         Total |   2845 |   2744 |    101 |    264 |   1789 |   4 |  711.2 |
       Dungeon |   2845 |   2744 |    101 |    264 |   1789 |   4 |  711.2 |
               +--------+--------+--------+--------+--------+-----+--------+

Top non-repeatable levels by time:
     D:2: 1032 daAuts
     D:3: 897 daAuts
     D:1: 713 daAuts
     D:4: 201 daAuts
